 Dungeon Crawl Stone Soup version 0.19.1-1-g22dce08 (webtiles) character file.

267 galech the Covered (level 6, -1/57 HPs)
             Began as a Deep Dwarf Fighter on Dec 28, 2016.
             Slain by Quirk's ghost (12 damage)
             ... on level 4 of the Dungeon.
             The game lasted 00:05:55 (2446 turns).

galech the Covered (Deep Dwarf Fighter)             Turns: 2446, Time: 00:05:56

Health: -1/57      AC:  9    Str: 19    XL:     6   Next: 0%
Magic:  6/6        EV:  5    Int:  9    God:
Gold:   166        SH: 10    Dex: 14    Spells: 0 memorised, 5 levels left

rFire  + + .     SeeInvis .     b - +0 hand axe (chop)
rCold  x . .     Gourm    .     r - +0 chain mail {rF+}
rNeg   . . .     Faith    .     c - +0 shield
rPois  .         Spirit   .     (no helmet)
rElec  .         Reflect  .     (no cloak)
rCorr  .         Harm     .     (no gloves)
MR     .....                    (no boots)
Stlth  ..........               (no amulet)
                                (no ring)
                                o - ring of fire

@: non-regenerating
A: damage resistance, recharge devices, sense surroundings 1, slow regeneration
3
a: Device Recharging


You were on level 4 of the Dungeon.
You were hungry.

You visited 1 branch of the dungeon, and saw 4 of its levels.

You collected 166 gold pieces.

Inventory:

Hand Weapons
 a - a +0 war axe
 b - a +0 hand axe of chopping (weapon)
Armour
 c - a +0 shield (worn)
 r - a +0 chain mail of fire resistance (worn)
Jewellery
 o - a ring of fire (left hand)
Wands
 e - a wand of heal wounds (2/9)
Scrolls
 i - 2 scrolls of noise
 j - a scroll of teleportation
 k - 4 scrolls of random uselessness
 n - 3 scrolls of identify
 q - 3 scrolls of fog
Potions
 d - 2 potions of might
 h - a potion of agility {unknown}
 m - a potion of brilliance {unknown}
 p - a potion of heal wounds {unknown}
 s - a potion of resistance {unknown}
 t - a potion of degeneration {unknown}
Comestibles
 f - 3 bread rations
 g - a chunk of flesh
 l - a meat ration


   Skills:
 + Level 3.8 Fighting
 + Level 3.8 Axes
 + Level 4.7 Armour
 + Level 4.6 Shields


You had 5 spell levels left.
You didn't know any spells.

Dungeon Overview and Level Annotations

Branches:
Dungeon (4/15)
 Temple: D:4-7

Altars:
Elyvilon

Annotations:
D:4 Quirk's ghost, novice MiFi


Innate Abilities, Weirdness & Mutations

You are resistant to damage.
You can recharge devices by infusing magical energy.
You passively map a small area around you.
You do not regenerate.


Message History

Quirk's ghost is moderately damaged.
Quirk's ghost hits you.
You hit Quirk's ghost.
Quirk's ghost is heavily damaged.
Quirk's ghost barely misses you.
Your chain mail prevents you from hitting Quirk's ghost.
Quirk's ghost is heavily damaged.
Quirk's ghost hits you!
You hit Quirk's ghost.
Quirk's ghost is heavily damaged.
Quirk's ghost hits you.
You hit Quirk's ghost but do no damage.
Quirk's ghost is heavily damaged.
Quirk's ghost hits you!
You hit Quirk's ghost.
Quirk's ghost is severely damaged.
Quirk's ghost hits you!
* * * LOW HITPOINT WARNING * * *
Quirk's ghost hits you!
You die...

, #.#######* ** , #
*....... , ,
#'###.....#* * *
..........# *
..........##** <
...........,, * *,
.........### ** , *
* ......W@...#,
+...+ ,
.........$.####.^.#
...........#......#
########...#.......
#...#.....# *,
#...#.....+
#...#.....#
###.......#
#.#####.#


You could see Quirk's ghost.

Vanquished Creatures
  An orc priest (D:3)
  3 orc wizards (D:3)
  An iguana (D:4)
  5 adders
  A worm (D:2)
  A leopard gecko (D:2)
  12 orcs (D:3)
  4 giant cockroaches
  8 hobgoblins
  6 jackals (D:1)
  A quokka (D:2)
  2 ball pythons
  8 bats
  4 frilled lizards
  6 goblins
  6 kobolds
  10 rats
79 creatures vanquished.

Vanquished Creatures (others)
  2 orcs (D:3)
  A bat (D:3)
  A quokka (D:3)
4 creatures vanquished.

Grand Total: 83 creatures vanquished

Notes
Turn   | Place    | Note
-------+----------+-------------------------------------------
     0 | D:1      | galech the Deep Dwarf Fighter began the quest for the Orb.
     0 | D:1      | Reached XP level 1. HP: 20/20 MP: 1/1
    49 | D:1      | Reached XP level 2. HP: 27/27 MP: 2/2
   812 | D:2      | Reached XP level 3. HP: 25/34 MP: 3/3
  1215 | D:2      | Reached XP level 4. HP: 16/42 MP: 4/4
  1740 | D:3      | Reached XP level 5. HP: 32/49 MP: 5/5
  1806 | D:3      | Found a white marble altar of Elyvilon.
  2389 | D:4      | Reached XP level 6. HP: 37/57 MP: 6/6
  2426 | D:4      | Noticed Quirk's ghost (novice MiFi)
  2446 | D:4      | Slain by Quirk's ghost

Skill      XL: |  1  2  3  4 |
---------------+-------------+-----
Fighting       | 3 |  3.8
Shields        | 4 |  4.6
Axes           | 3 |  3.8
Armour         | 4 |  4.7

Action                   |  1- 3 |  4- 6 || total
-------------------------+-------+-------++-------
Melee: War axe           |   149 |    61 ||   210
       Hand axe          |       |    74 ||    74
Evoke: Wand              |       |     3 ||     3
  Use: Scroll            |       |     4 ||     4
  Eat: Chunk             |     1 |     4 ||     5
Armor: Scale mail        |    74 |    26 ||   100
       Chain mail        |       |    28 ||    28
Dodge: Dodged            |    40 |    23 ||    63
Block: Shield            |    65 |    56 ||   121
